 Dungeon Crawl Stone Soup version 0.19-a0-465-g1d1674b (webtiles) character file.

1192 Kidiri the Magician (level 8, -7/44 HPs)
             Began as a Deep Elf Fire Elementalist on June 3, 2016.
             Shot with an arrow by a centaur (9 damage)
             ... on level 6 of the Dungeon.
             The game lasted 00:23:28 (6480 turns).

Kidiri the Magician (Deep Elf Fire Elementalist)    Turns: 6480, Time: 00:23:29

Health: -7/44      AC:  4    Str:  5    XL:     8   Next: 20%
Magic:  3/20       EV: 13    Int: 21    God:
Gold:   330        SH:  5    Dex: 15    Spells: 6 memorised, 2 levels left

rFire  . . .     SeeInvis .     u - -1 short sword (freeze) (curse)
rCold  . . .     Gourm    .     a - +0 robe
rNeg   . . .     Faith    .     n - +1 buckler
rPois  .         Spirit   .     (helmet restricted)
rElec  .         Dismiss  .     (no cloak)
rCorr  .         Reflect  .     (no gloves)
SustAt .         Harm     .     r - +0 pair of boots
MR     .....     Clarity  +     (no amulet)
Stlth  ++........               (no ring)
                                i - ring of wizardry

@: very slightly contaminated, not resistant to hostile enchantments, unstealthy
A: antennae 1, fangs 1, talons 2, rugged brown scales 1, clarity, dopey 1
a: no special abilities


You were on level 6 of the Dungeon.
You were full.

You visited 1 branch of the dungeon, and saw 6 of its levels.

You collected 330 gold pieces.

Inventory:

Hand Weapons
 s - a +1 dagger of venom
 u - a cursed -1 short sword of freezing (weapon)
 w - a +0 antimagic dagger
Armour
 a - a +0 robe (worn)
 n - a +1 buckler (worn)
 o - a +0 leather armour
 r - a +0 pair of boots (worn)
Jewellery
 i - a ring of wizardry (left hand)
Wands
 q - a wand of enslavement (10/24)
Scrolls
 j - 2 scrolls of teleportation
 k - 2 scrolls of fog
 l - a scroll of recharging
 y - a scroll of fear
Potions
 e - 2 potions of curing
 h - 2 potions of flight
 m - a potion of haste
 p - 3 potions of brilliance
 v - a potion of ambrosia
Books
 b - a book of Flames

   Spells                             Type                      Level
   a - Flame Tongue                   Conjuration/Fire             1
   b - Throw Flame                    Conjuration/Fire             2
   c - Conjure Flame                  Conjuration/Fire             3
   d - Inner Flame                    Hexes/Fire                   3
   e - Sticky Flame                   Conjuration/Fire             4
   f - Fireball                       Conjuration/Fire             5
Comestibles
 c - 3 bread rations
 f - 4 meat rations
 t - 2 chunks of flesh


   Skills:
 + Level 1.6 Fighting
 + Level 2.2 Short Blades
 + Level 1.6 Armour
 + Level 3.4 Dodging
 - Level 2.4 Stealth
 + Level 1.7 Shields
 * Level 6.9 Spellcasting
 * Level 5.2 Conjurations
 * Level 5.7 Fire Magic
 + Level 1.3 Evocations


You had 2 spell levels left.
You knew the following spells:

 Your Spells              Type           Power        Failure   Level  Hunger
a - Flame Tongue          Conj/Fire      ####.        1%          1    None
b - Throw Flame           Conj/Fire      ####..       1%          2    None
c - Conjure Flame         Conj/Fire      ####....     1%          3    #......
d - Inner Flame           Hex/Fire       ###.....     4%          3    #......
e - Sticky Flame          Conj/Fire      ####....     6%          4    ###....
f - Fireball              Conj/Fire      ####......   16%         5    #####..


Dungeon Overview and Level Annotations

Branches:
Dungeon (6/15)
 Temple: D:4-7

Altars:
Elyvilon
Gozag
Nemelex Xobeh
Pakellas
Qazlal
Ru
Sif Muna
Trog
Zin
The Shining One

Shops:
D:4 (   D:5 (

Annotations:
D:5 Eustachio


Innate Abilities, Weirdness & Mutations

You have a pair of small antennae on your head.
You have very sharp teeth.
You have razor-sharp toenails.
You are partially covered in rugged brown scales. (AC +1, +3% HP)
You possess an exceptional clarity of mind.
You are dopey. (Int -2)


Message History

Okay, then.
Casting: Conjure Flame
Confirm with . or Enter, or press ? or * to list all spells.
Aiming: Conjure Flame
Press: ? - help, Dir - move target cursor The fire roars!
Unknown command.
Casting: Conjure Flame
Confirm with . or Enter, or press ? or * to list all spells.
Aiming: Fireball
Press: ? - help, Shift-Dir - straight line, f - centaur
Aim: a centaur, wielding a shortbow The fireball explodes!
The fireball engulfs the centaur.
The centaur is moderately wounded.
The fireball engulfs the orc.
You kill the orc!
The centaur shoots an arrow.
The arrow hits you!
* * * LOW HITPOINT WARNING * * *
The centaur shoots an arrow.
The arrow hits you!
You die...

...#.#.#.#
._.c....F#
...#.#.#o#
#.#)# #.#c#
#.#o# ..#.#
#.######c#
#....@.ยง)#
##########


You could see a centaur.

Vanquished Creatures
  A hippogriff (D:3)
  The ghost of Skanax the Grave Robber, an amateur DsNe (D:3)
  A sky beast (D:6)
  An ice beast (D:6)
  An ogre (D:6)
  A scorpion (D:5)
  A jelly (D:6)
  4 orc wizards
  A hound (D:6)
  An orc priest (D:6)
  2 centaur skeletons
  Ijyb (D:3)
  An iguana (D:5)
  2 worker ants
  A hound skeleton (D:4)
  A worker ant zombie (D:5)
  4 gnolls
  7 adders
  2 shadow imps (D:5)
  3 oozes
  An adder zombie (D:5)
  2 worms
  2 dart slugs (D:1)
  2 giant geckos
  14 orcs
  6 giant cockroaches
  14 goblins
  7 hobgoblins
  A quokka (D:5)
  A ball python (D:5)
  A ball python skeleton (D:4)
  10 bats
  5 giant newts
  A jackal skeleton (D:4)
  6 kobolds
  12 rats
122 creatures vanquished.

Notes
Turn   | Place    | Note
--------------------------------------------------------------
     0 | D:1      | Kidiri the Deep Elf Fire Elementalist began the quest for the Orb.
     0 | D:1      | Reached XP level 1. HP: 10/10 MP: 6/6
   139 | D:1      | Reached XP level 2. HP: 15/15 MP: 5/8
   148 | D:1      | Learned a level 2 spell: Throw Flame
   802 | D:1      | Reached XP level 3. HP: 19/19 MP: 7/10
   807 | D:1      | Learned a level 3 spell: Conjure Flame
   811 | D:1      | Learned a level 3 spell: Inner Flame
   845 | D:1      | Reached skill level 4 in Spellcasting
  1138 | D:2      | Found a glowing silver altar of Zin.
  1138 | D:2      | Found a glowing golden altar of the Shining One.
  1139 | D:2      | Found a white marble altar of Elyvilon.
  1308 | D:2      | Reached XP level 4. HP: 22/24 MP: 1/12
  1582 | D:2      | Found a deep blue altar of Sif Muna.
  1638 | D:2      | Found a stormy altar of Qazlal.
  2320 | D:3      | Reached XP level 5. HP: 28/28 MP: 2/14
  2326 | D:3      | Learned a level 4 spell: Sticky Flame
  2459 | D:3      | Noticed Ijyb
  2528 | D:3      | Reached skill level 5 in Spellcasting
  2529 | D:3      | Killed Ijyb
  3067 | D:3      | Noticed a hippogriff
  3073 | D:3      | Killed a hippogriff
  3073 | D:3      | Reached skill level 5 in Fire Magic
  3073 | D:3      | Reached XP level 6. HP: 29/32 MP: 10/16
  3225 | D:3      | Found a sacrificial altar of Ru.
  3359 | D:3      | Noticed Skanax's ghost (amateur DsNe)
  3377 | D:3      | Killed Skanax's ghost
  3377 | D:3      | Reached skill level 6 in Spellcasting
  3662 | D:4      | Reached skill level 1 in Short Blades
  3852 | D:4      | Found an oddly glowing altar of Pakellas.
  3973 | D:4      | Found Nerotu's Antique Weapon Boutique.
  4143 | D:4      | Found an opulent altar of Gozag.
  4144 | D:4      | Found a sparkling altar of Nemelex Xobeh.
  4297 | D:5      | Entered Level 5 of the Dungeon
  4359 | D:5      | Reached XP level 7. HP: 37/37 MP: 10/18
  4366 | D:5      | Learned a level 5 spell: Fireball
  4518 | D:5      | Found a bloodstained altar of Trog.
  4523 | D:5      | Found Idayghaq's Antique Weapon Boutique.
  5091 | D:5      | Noticed Eustachio
  5149 | D:5      | Reached skill level 1 in Armour
  5172 | D:5      | Reached skill level 1 in Fighting
  5172 | D:5      | Reached skill level 1 in Shields
  5710 | D:6      | Reached skill level 1 in Evocations
  5715 | D:6      | Gained mutation: You have sharp toenails. [mutagenic meat]
  5716 | D:6      | Gained mutation: You are partially covered in rugged brown scales. (AC +1, +3% HP) [mutagenic meat]
  5717 | D:6      | Gained mutation: You possess an exceptional clarity of mind. [mutagenic meat]
  5718 | D:6      | Gained mutation: You have a pair of small antennae on your head. [mutagenic meat]
  5720 | D:6      | Gained mutation: You are dopey. (Int -2) [mutagenic meat]
  6058 | D:6      | Reached skill level 5 in Conjurations
  6058 | D:6      | Reached XP level 8. HP: 44/44 MP: 14/20
  6294 | D:6      | Gained mutation: You have very sharp teeth. [potion of beneficial mutation]
  6295 | D:6      | Gained mutation: You have razor-sharp toenails. [potion of beneficial mutation]
  6446 | D:6      | Found a sacrificial altar of Ru.
  6480 | D:6      | HP: 2/44 [centaur/arrow (17)]
  6480 | D:6      | Shot with an arrow by a centaur

Vault maps used:
D:1:      lightli_arrival_statuegarden, minivault_25, minmay_misc_feat_roman
D:2:      good_gods_temple_1, grunt_qazlal_clouds, led_sif_pool, first_bread,
          minmay_misc_feat_columns
D:3:      kennysheep_the_goblin_king, lemuel_coloured_pillars_altar,
          minivault_27
D:4:      grunt_temple_overflow_opulence, serial_shops, shop,
          grunt_pakellas_mercury
D:5:      nicolae_overflow_hidden_temple, serial_shops, nicolae_shop_waterfront,
          bloody_trog, uniq_eustachio
D:6:      nicolae_ru_sacrificial_ziggurat

Skill      XL: |  1  2  3  4  5  6  7 |
---------------+----------------------+-----
Conjurations   | 2 3 4 5 |  5.2
Spellcasting   | 4 5 6 |  6.9
Fire Magic     | 4 5 |  5.7
Short Blades   | 1 2 |  2.2
Armour         | 1 |  1.6
Fighting       | 1 |  1.6
Shields        | 1 |  1.7
Dodging        | 3 |  3.4
Evocations     | 1 |  1.3
Stealth        | |  2.4

Action                   |  1- 3 |  4- 6 |  7- 9 || total
-------------------------+-------+-------+-------++-------
Melee: Unarmed           |     3 |       |       ||     3
       Whip              |     7 |       |       ||     7
       Dagger            |     1 |    11 |       ||    12
       Short sword       |       |       |    92 ||    92
 Cast: Flame Tongue      |    38 |    65 |    67 ||   170
       Throw Flame       |    21 |    49 |    25 ||    95
       Conjure Flame     |       |     2 |     2 ||     4
       Sticky Flame      |       |     2 |     1 ||     3
       Fireball          |       |       |     1 ||     1
  Use: Scroll            |     5 |     9 |     6 ||    20
       Potion            |       |     1 |     4 ||     5
 Stab: Sleeping          |     1 |     3 |     1 ||     5
  Eat: Chunk             |     2 |     6 |     8 ||    16
       Bread ration      |       |     1 |     2 ||     3
Armor: Robe              |    10 |     7 |    10 ||    27
Dodge: Dodged            |    25 |    15 |    39 ||    79
Block: Buckler           |     1 |     7 |    26 ||    34
